 Dungeon Crawl Stone Soup version 0.22-a0-406-g9ff8d77 (webtiles) character file.

1320 dstrtnsr the Chopper (level 8, 0/73 HPs)
             Began as a Deep Dwarf Fighter on May 8, 2018.
             Succumbed to an orc warrior's poison
             ... on level 6 of the Dungeon.
             The game lasted 00:02:39 (1701 turns).

dstrtnsr the Chopper (Deep Dwarf Fighter)           Turns: 1701, Time: 00:02:40

Health: 0/73       AC:  7    Str: 22    XL:     8   Next: 33%
Magic:  0/0        EV:  8    Int:  9    God:
Gold:   165        SH: 10    Dex: 12    Spells: 7/7 levels left

rFire    . . .     SeeInvis .   a - +1 war axe
rCold    . . .     Gourm    .   c - +0 shield
rNeg     . . .     Faith    .   b - +0 scale mail
rPois    .         Spirit   .   (no helmet)
rElec    .         Reflect  .   (no cloak)
rCorr    .         Harm     .   (no gloves)
MR       +....                  (no boots)
Stlth    ..........             (no amulet)
HPRegen  0.00/turn              (no ring)
MPRegen  0.07/turn              (no ring)

@: lethally poisoned (0 -> -15), non-regenerating
A: damage resistance, heal wounds, sense surroundings 1, no regeneration
a: Heal Wounds


You were on level 6 of the Dungeon.
You were hungry.

You visited 1 branch of the dungeon, and saw 6 of its levels.

You collected 165 gold pieces.

Inventory:

Hand Weapons
 a - a +1 war axe (weapon)
Armour
 b - a +0 scale mail (worn)
 c - a +0 shield (worn)
Scrolls
 g - a scroll of magic mapping
 h - a scroll of fear
 j - a scroll of teleportation {unknown}
 k - a scroll of fog {unknown}
 n - a scroll of immolation {unknown}
 o - a scroll of amnesia {unknown}
 p - a scroll of remove curse {@r2}
 q - a scroll of enchant armour {unknown}
 r - a scroll of enchant weapon
 s - a scroll of identify {unknown}
Potions
 d - 2 potions of might
 i - 3 potions of invisibility {unknown}
 l - 2 potions of flight {unknown}
 m - 4 potions of curing {unknown}
Comestibles
 e - 6 rations {!d}


   Skills:
 + Level 4.9 Fighting
 * Level 7.3 Axes
 + Level 5.9 Armour
 + Level 5.9 Shields


You had 7 spell levels left.
You didn't know any spells.

Dungeon Overview and Level Annotations

Branches:
Dungeon (6/15)
 Temple: D:4-7

Altars:
Uskayaw
Vehumet
Xom


Innate Abilities, Weirdness & Mutations

You are resistant to damage.
You can heal yourself by infusing magical energy.
You passively map a small area around you.
You do not regenerate.


Message History

You block the orc priest's attack.
You closely miss the orc warrior.
The orc warrior is moderately wounded.
You hit the orc priest but do no damage.
You block the orc warrior's attack. You block the orc priest's attack.
You hit the orc warrior.
The orc warrior is moderately wounded.
Your shield and scale mail prevent you from hitting the orc priest.
The orc warrior barely misses you. The orc priest barely misses you.
You hit the orc warrior.
The orc warrior is moderately wounded.
Your shield and scale mail prevent you from hitting the orc priest.
The orc warrior hits you with a trident of venom!
You block the orc priest's attack.
The orc warrior hits you with a trident of venom!!
* * * LOW HITPOINT WARNING * * *
You are poisoned.
The orc priest barely misses you.
You are too injured to fight recklessly!
You are too injured to fight recklessly!
You are too injured to fight recklessly!
You are too injured to fight recklessly!
You are too injured to fight recklessly!
You are too injured to fight recklessly!
You are too injured to fight recklessly!
You are too injured to fight recklessly!
You are too injured to fight recklessly!
You are too injured to fight recklessly!
You are too injured to fight recklessly!
You are too injured to fight recklessly!
You are too injured to fight recklessly!
You are too injured to fight recklessly!
You are too injured to fight recklessly!
Your magical essence is drained by the effort!
You feel much better.
You feel very sick.
The orc warrior hits you but does no damage.
You are more poisoned.
You don't have enough innate magic capacity.
You hit the orc warrior but do no damage.
The orc warrior is moderately wounded.
You hit the orc priest.
You feel very sick. You block the orc priest's attack.
The orc warrior hits you with a trident of venom.
You slash the orc priest!
The orc priest is severely wounded.
You closely miss the orc warrior.
You feel very sick.
The orc priest looks braver for a moment.
The orc priest hits you with a hand axe.
The orc warrior hits you with a trident of venom!
You are too injured to fight recklessly!
You are too injured to fight recklessly!
You are too injured to fight recklessly!
You are too injured to fight recklessly!
You are too injured to fight recklessly!
You are too injured to fight recklessly!
You are too injured to fight recklessly!
You are too injured to fight recklessly!
You are too injured to fight recklessly!
You are too injured to fight recklessly!
You are too injured to fight recklessly!
You are too injured to fight recklessly!
You are too injured to fight recklessly!
You are too injured to fight recklessly!
You don't have enough innate magic capacity.
You don't have enough innate magic capacity.
You are too injured to fight recklessly!
You don't have enough innate magic capacity.
You don't have enough innate magic capacity.
You hit the orc warrior.
The orc warrior is heavily wounded.
You slash the orc priest!
You kill the orc priest!
You feel sick. You block the orc warrior's attack.
You closely miss the orc warrior.
The orc warrior is heavily wounded.
You feel very sick.
The orc warrior hits you with a trident of venom.
You are more poisoned.
You hit the orc warrior but do no damage.
The orc warrior is heavily wounded.
You feel very sick. The orc warrior closely misses you.
You hit the orc warrior but do no damage.
The orc warrior is heavily wounded.
You feel sick.
The orc warrior hits you with a trident of venom.
* * * LOW HITPOINT WARNING * * *
You are lethally poisoned!
You slash the orc warrior!
You kill the orc warrior!
* * * LOW HITPOINT WARNING * * *
You feel very sick.
* * * LOW HITPOINT WARNING * * *
You feel very sick.
Things that are here:
a trident of venom; a plate armour; an orc corpse You die...

...##, .!... *
######...### ,
.......... , ,
#.......### ,
#<).?....$. , ,
.#####[).#...##.
* ,
#.......)$.......
#.#######@..##...
* #...#..# ,, *,
#...#..#**,* * ,
* #...##... ,
#<>.# .#.. , ,*
#.....!..... * *
#...##.###.#, , *
, #..... # *.# ,
** *#...##.


There were no monsters in sight!

Vanquished Creatures
  Menkaure (D:6)
  A water moccasin (D:5)
  2 orc warriors
  2 ogres (D:5)
  A centaur (D:5)
  A bullfrog (D:6)
  A howler monkey (D:4)
  7 orc priests
  An orc wizard (D:6)
  A bullfrog skeleton (D:5)
  5 worker ants
  2 worker ant zombies (D:5)
  8 adders
  2 adder skeletons
  5 worms
  A dart slug (D:2)
  2 leopard geckos
  21 orcs
  2 bats (D:3)
  2 goblins
  2 hobgoblins
  A jackal (D:4)
  5 frilled lizards
  A kobold (D:1)
  5 rats
82 creatures vanquished.

Notes
Turn   | Place    | Note
-------+----------+-------------------------------------------
     0 | D:1      | dstrtnsr the Deep Dwarf Fighter began the quest for the Orb.
     0 | D:1      | Reached XP level 1. HP: 20/20 MP: 1/1
   125 | D:2      | Reached XP level 2. HP: 25/27 MP: 2/2
   180 | D:3      | HP: 10/27 [worm (7)]
   181 | D:3      | Reached skill level 3 in Axes
   198 | D:3      | Reached XP level 3. HP: 13/34 MP: 3/3
   325 | D:4      | Reached XP level 4. HP: 21/42 MP: 4/4
   325 | D:4      | HP: 12/42 [orc priest/divine providence (9)]
   334 | D:4      | HP: 16/42 [orc priest/club (1)]
   386 | D:4      | Reached skill level 4 in Axes
   386 | D:4      | Reached XP level 5. HP: 40/49 MP: 4/4
   441 | D:4      | HP: 19/49 [orc priest/divine providence (12)]
   589 | D:4      | HP: 17/49 [orc priest/divine providence (11)]
   607 | D:4      | Reached XP level 6. HP: 24/57 MP: 4/4
   620 | D:4      | Found a hide-covered altar of Uskayaw.
  1014 | D:5      | Entered Level 5 of the Dungeon
  1029 | D:5      | HP: 20/57 [worker ant (4)]
  1032 | D:5      | Reached skill level 5 in Axes
  1049 | D:5      | Found a radiant altar of Vehumet.
  1122 | D:5      | Reached XP level 7. HP: 34/64 MP: 3/3
  1168 | D:5      | Reached skill level 5 in Armour
  1168 | D:5      | Reached skill level 5 in Shields
  1173 | D:5      | Found a shimmering altar of Xom.
  1174 | D:5      | Found a shimmering altar of Xom.
  1174 | D:5      | Found a shimmering altar of Xom.
  1176 | D:5      | Found a shimmering altar of Xom.
  1191 | D:5      | HP: 22/64 [worker ant (4)]
  1209 | D:5      | HP: 25/64 [poisoned by a water moccasin]
  1214 | D:5      | Reached skill level 6 in Axes
  1302 | D:5      | HP: 24/66 [centaur (4)]
  1530 | D:6      | Noticed Menkaure
  1535 | D:6      | HP: 22/66 [bullfrog (2)]
  1541 | D:6      | Killed Menkaure
  1543 | D:6      | Reached XP level 8. HP: 34/73 MP: 3/3
  1553 | D:5      | HP: 17/73 [orc warrior/scimitar (14)]
  1560 | D:5      | Reached skill level 7 in Axes
  1605 | D:6      | HP: 27/73 [orc priest/nerve-wracking pain (4)]
  1640 | D:6      | HP: 22/73 [orc warrior/trident of venom (14)]
  1641 | D:6      | HP: 10/73 [orc warrior/trident of venom (11)]
  1648 | D:6      | HP: 26/73 [orc warrior/trident of venom (9)]
  1649 | D:6      | HP: 11/73 [orc warrior/trident of venom (15)]
  1691 | D:6      | HP: 19/73 [orc warrior/trident of venom (16)]
  1696 | D:6      | HP: 20/73 [poisoned by an orc warrior]
  1699 | D:6      | HP: 6/73 [poisoned by an orc warrior]
  1701 | D:6      | Succumbed to an orc warrior's poison

Vault maps used:
D:1:      onia_arrival_mini_spirals, interstate_on_off
D:2:      first_ration, uniq_sigmund
D:4:      marbit_many_paths, st_stairs_3
D:5:      vehumet_crystals, xom_redecorated
D:6:      nicolae_tso_swordbearing_angel, minmay_temple_entry_overgrown,
          uniq_menkaure

Skill      XL: |  1  2  3  4  5  6  7  8 |
---------------+-------------------------+-----
Axes           | 3 4 5 6 7 |  7.3
Fighting       | 3 4 |  4.9
Armour         | 4 5 |  5.9
Shields        | 4 5 |  5.9

Action                   |  1- 3 |  4- 6 |  7- 9 || total
-------------------------+-------+-------+-------++-------
Melee: War axe           |    78 |   159 |   106 ||   343
 Abil: Heal Wounds       |     1 |     8 |    10 ||    19
  Use: Scroll            |       |       |     4 ||     4
  Eat: Chunk             |       |     1 |     2 ||     3
Armor: Scale mail        |    36 |    71 |    29 ||   136
Dodge: Dodged            |    25 |    46 |    32 ||   103
Block: Shield            |    50 |    78 |    76 ||   204

Table legend:
 A = Spawn XP
 B = Non-spawn XP
 C = Spawn XP percentage of total XP
 D = Spawn monster count
 E = Non-spawn monster count
 F = Spawn count percentage of total count
 G = Total turns spent on level
                    A         B        C        D         E        F      G
               +---------+---------+-------+---------+---------+-------+---------
         Total |       0 |    1886 |   0.0 |       0 |      82 |   0.0 |  1701
               +---------+---------+-------+---------+---------+-------+---------
           D:1 |       0 |      10 |   0.0 |       0 |       7 |   0.0 |   122
           D:2 |       0 |      22 |   0.0 |       0 |       6 |   0.0 |    34
           D:3 |       0 |      58 |   0.0 |       0 |      10 |   0.0 |   154
           D:4 |       0 |     396 |   0.0 |       0 |      31 |   0.0 |   704
           D:5 |       0 |     920 |   0.0 |       0 |      22 |   0.0 |   624
           D:6 |       0 |     480 |   0.0 |       0 |       6 |   0.0 |    63
               +---------+---------+-------+---------+---------+-------+---------
